 Dungeon Crawl Stone Soup version 0.27.0-1-g7a089689b8 (webtiles) character file.

Game seed: 7292948649325943638

1563 Sobieck the Grappler (level 8, -16/57 HPs)
             Began as a Ghoul Necromancer on Aug 8, 2021.
             Was an Initiate of Kikubaaqudgha.
             Demolished by an orc warrior (19 damage)
             ... on level 6 of the Dungeon.
             The game lasted 00:16:10 (6773 turns).

Sobieck the Grappler (Ghoul Necromancer)            Turns: 6773, Time: 00:16:10

Health: -16/57     AC:  6    Str: 12    XL:     8   Next: 89%
Magic:  3/9        EV: 12    Int: 12    God:    Kikubaaqudgha [......]
Gold:   355        SH:  0    Dex:  9    Spells: 2/10 levels left

rFire    . . .     SeeInvis .     - Unarmed
rCold    + . .     Faith    .   (no shield)
rNeg     + + +     Spirit   .   a - +0 robe
rPois    ∞         Reflect  .   j - +0 helmet
rElec    .         Harm     .   (no cloak)
rCorr    .         Rampage  .   (no gloves)
Will     .....                  c - +2 pair of boots
Stlth    ++........             x - amulet of magic regeneration {@e2}
HPRegen  0.00/turn              (no ring)
MPRegen  0.36/turn              (no ring)

@: inhibited regen
A: claws 1, cold resistance 1, negative energy resistance 3, inhibited
regeneration, torment resistance 2
a: Renounce Religion


You were on level 6 of the Dungeon.
You worshipped Kikubaaqudgha.
Kikubaaqudgha was noncommittal.
You visited 2 branches of the dungeon, and saw 7 of its levels.

You collected 355 gold pieces.


Innate Abilities, Weirdness & Mutations

You thrive by killing the living.
You are immune to poison.
You have sharp fingernails.
Your flesh is cold resistant. (rC+)
You are immune to negative energy. (rN+++)
You do not regenerate when monsters are visible.
You are immune to unholy pain and torment.


   Skills:
 - Level 1.7 Dodging
 - Level 2.1 Stealth
 * Level 9.5 Unarmed Combat
 - Level 1.7 Spellcasting
 + Level 7.6 Necromancy


You had 2 spell levels left.
You knew the following spells:

 Your Spells              Type           Power      Damage    Failure   Level
a - Pain                  Necr           76%        1d7       1%          1
b - Vampiric Draining     Necr           9%         2d7       3%          3
c - Animate Dead          Necr           9%         N/A       12%         4

Your spell library contained the following spells:

 Spells                   Type           Power      Damage    Failure   Level
 Animate Skeleton         Necr           38%        N/A       1%          1
 Sandblast                Erth           2%         2d4       28%         1
 Passwall                 Tmut/Erth      0%         N/A       38%         2
 Static Discharge         Conj/Air       1%         N/A       38%         2
 Dispel Undead            Necr           19%        3d11      12%         4
 Agony                    Necr           19%        N/A       34%         5
 Sticky Flame             Conj/Fire      1%         2d3       95%         4
 Lee's Rapid Deconstruct  Erth           0%         3d5*      100%        5
 Summon Forest            Summ/Tloc      0%         N/A       100%        5
 Eringya's Noxious Bog    Tmut/Pois      0%         N/A       100%        6
 Summon Hydra             Summ           0%         N/A       100%        7

Inventory:

Hand Weapons
 g - a +0 dagger {short}
   (You took it off a kobold on level 2 of the Dungeon)
 h - a +0 mace {mace}
   (You found it on level 2 of the Dungeon)
Missiles
 b - 28 bolts
 d - 7 poisoned darts {throwing}
 e - a throwing net {=f!fthrowing}
 i - 94 stones {throwing}
 k - 68 arrows
 q - 38 sling bullets
 F - 5 boomerangs of dispersal {=f!fthrowing}
Armour
 a - a +0 robe (worn)
 c - a +2 pair of boots (worn)
   (You found it on level 1 of the Dungeon)
 j - a +0 helmet (worn)
   (You found it on level 1 of the Dungeon)
 p - a +0 buckler
   (You found it on level 1 of the Dungeon)
 z - the +1 robe of Curiosity {Harm *Slow rElec Slay-2}
   (You took it off a gnoll on level 4 of the Dungeon)

   Slay:      It affects your accuracy & damage with ranged weapons and melee
   (-2).
   rElec:     It insulates you from electricity.
   *Slow:     It may slow you when you take damage.
   Harm:      It increases damage dealt and taken.
Magical Staves
 f - a staff of conjuration {!a@e2staff}
   (You found it on level 1 of the Dungeon)
 D - a staff of earth {!astaff}
   (You found it on level 5 of the Dungeon)
Jewellery
 x - an amulet of magic regeneration (around neck) {@e2}
   (You found it on level 3 of the Dungeon)
 C - a ring of fire
   (You found it on level 4 of the Dungeon)
Scrolls
 l - 4 scrolls of teleportation {unknown}
 o - a scroll of noise {unknown}
 r - a scroll of magic mapping {unknown}
 s - 3 scrolls of identify {unknown}
 u - a scroll of vulnerability {unknown}
 v - 2 scrolls of amnesia {unknown}
 y - a scroll of blinking {unknown}
 G - a scroll of enchant armour {unknown}
 H - a scroll of fog {unknown}
Potions
 m - 3 potions of attraction {unknown}
 n - a potion of curing {unknown}
 t - 4 potions of lignification {unknown}
 w - a potion of might {unknown}
 A - a potion of degeneration {unknown}
 B - a potion of cancellation {unknown}
 E - a potion of brilliance {unknown}

Dungeon Overview and Level Annotations

Branches:
Dungeon (6/15)             Temple (1/1) D:5

Altars:
Ashenzari
Dithmenos
Elyvilon
Fedhas
Gozag
Kikubaaqudgha
Makhleb
Nemelex Xobeh
Okawaru
Qazlal

Annotations:
D:3 dig gold

.................#.
........)..........
##.#####<#.........
#..####.........#
#.......##.######
#...###o#.... #.
#o#..### #o#...
#@##.# #.#..#
#.#.## #.# #.# ...
... (.. ..>..


You could see an orc warrior, an orc wizard and an orc.


Message History

Kikubaaqudgha accepts your kill.
You feel better.
The orc warrior hits you with a +0 war axe!
* * * LOW HITPOINT WARNING * * *
The orc priest calls down the wrath of Beogh upon you.
Beogh smites you!
* * * LOW HITPOINT WARNING * * *
Unknown command.
You barely miss something. The orc warrior closely misses you.
Something hits you but does no damage.
Unknown command.
The orc warrior closely misses you. The orc priest closely misses you.
Something hits you.
* * * LOW HITPOINT WARNING * * *
Unknown command.
The orc priest hits you but does no damage.
Unknown command.
Casting: Vampiric Draining (dangerous; 3% risk of failure)
Confirm with . or Enter, or press ? or * to list all spells.
You call on the dead to rise...
The dead are walking!
The orc misses you. The orc priest closely misses you.
Unknown command.
You swap places.
The orc hits your black bear zombie with a +0 short sword.
The orc priest hits you with a +0 short sword.
* * * LOW HITPOINT WARNING * * *
The orc warrior hits your black bear zombie with a +0 war axe!
Your black bear zombie bites the orc warrior.
Your black bear zombie barely misses the orc warrior.
Your black bear zombie claws the orc warrior.
Unknown command.
You scratch the orc priest.
The orc warrior hits your black bear zombie with a +0 war axe!
Your black bear zombie is destroyed!
Unknown command.
You scratch something.
Unknown command.
You scratch the orc priest.
An orc wizard appears from thin air!
Reactivating autopickup.
The orc wizard gestures at you while chanting.
The magic dart hits you.
* * * LOW HITPOINT WARNING * * *
The orc priest miscasts a cantrip.
The orc misses you.
Unknown command.
The orc wizard points at you and mumbles some strange words.
You are confused.
The orc priest barely misses you.
You're too confused to cast spells.
Unknown command.
You bump into the rock wall.
The orc priest misses you.
The orc priest hits you with a +0 short sword.
* * * LOW HITPOINT WARNING * * *
Unknown command.
Unknown command.
You bump into the rock wall.
The orc priest hits you with a +0 short sword.
* * * LOW HITPOINT WARNING * * *
Unknown command.
Unknown command.
You feel less confused.
Unknown command.
Casting: Animate Dead (dangerous; 12% risk of failure)
Confirm with . or Enter, or press ? or * to list all spells.
Aiming: Vampiric Draining (dangerous; 3% risk of failure)
Press: ? - help, Shift-Dir - straight line, f - orc priest
Aim: an orc priest, wielding a +0 short sword and wearing a +0 chain mail (severely wounded)
You draw life force from the orc priest!
You kill the orc priest!
Kikubaaqudgha accepts your kill.
You feel life coursing into your body.
Found a stone staircase leading down.
The orc warrior completely misses you.
Casting: Vampiric Draining (dangerous; 3% risk of failure)
Confirm with . or Enter, or press ? or * to list all spells.
Aiming: Vampiric Draining (dangerous; 3% risk of failure)
Press: ? - help, Shift-Dir - straight line, f - orc warrior
Aim: an orc warrior, wielding a +0 war axe and wearing a +0 plate armour (lightly wounded)
You draw life force from the orc warrior.
You feel life coursing into your body. The orc warrior completely misses you.
Casting: Vampiric Draining (dangerous; 3% risk of failure)
Confirm with . or Enter, or press ? or * to list all spells.
Aiming: Vampiric Draining (dangerous; 3% risk of failure)
Press: ? - help, Shift-Dir - straight line, f/p - orc warrior
Aim: an orc warrior, wielding a +0 war axe and wearing a +0 plate armour (lightly wounded)
You draw life force from the orc warrior!
You feel life coursing into your body!
The orc warrior hits you with a +0 war axe.
* * * LOW HITPOINT WARNING * * *
You barely miss the orc warrior. The orc warrior barely misses you.
You scratch the orc warrior but do no damage.
The orc warrior hits you with a +0 war axe!
* * * LOW HITPOINT WARNING * * *
You closely miss the orc warrior.
Unknown command.
You scratch the orc warrior. The orc warrior barely misses you.
You closely miss the orc warrior.
The orc warrior hits you with a +0 war axe!!
You die...
Kikubaaqudgha rasps: "You have failed me!
Welcome... oblivion!"

Skill      XL: |  1  2  3  4  5  6  7  8 |
---------------+-------------------------+-----
Unarmed Combat | 1 2 5 6 7 9 |  9.5
Necromancy     | 5 6 7 |  7.6
Dodging        | |  1.7
Stealth        | |  2.1
Spellcasting   | |  1.7

Action                   |  1- 3 |  4- 6 |  7- 9 || total
-------------------------+-------+-------+-------++-------
Melee: Unarmed           |    94 |   106 |   245 ||   445
       Short sword       |       |     5 |       ||     5
       Punch             |       |     4 |     7 ||    11
 Cast: Pain              |    42 |     6 |       ||    48
       Vampiric Draining |     1 |     1 |    22 ||    24
       Animate Dead      |       |       |     2 ||     2
 Stab: Sleeping          |     3 |     2 |     4 ||     9
Armor: Robe              |    32 |    27 |    65 ||   124
Dodge: Dodged            |    71 |    91 |   116 ||   278

Levels and vault maps discovered:
D:1:      minmay_arrival_split_and_join, layout_basic,
          shapermc_ecumenical_altar_acropolis
D:2:      layout_basic
D:3:      layout_basic, nicolae_gozag_conspicuous_consumption, st_stairs_13,
          uniq_jessica, uniq_sigmund, uniq_natasha, uniq_grinder
D:4:      layout_loops_ring
D:5:      layout_loops_ring, minmay_temple_entry_statues_pillars,
          nicolae_underground_beach
D:6:      layout_basic
Temple:   eino_narrow_crystal_temple

Notes
Turn   | Place    | Note
-------+----------+-------------------------------------------
     0 | D:1      | Sobieck the Ghoul Necromancer began the quest for the Orb.
     0 | D:1      | Reached XP level 1. HP: 14/14 MP: 2/2
   143 | D:1      | Reached XP level 2. HP: 11/20 MP: 0/3
   158 | D:1      | HP: 5/20 [ball python (1)]
   167 | D:1      | HP: 4/20 [giant cockroach (2)]
   173 | D:1      | HP: 3/20 [giant cockroach (1)]
   176 | D:1      | Reached skill level 1 in Unarmed Combat
   184 | D:1      | HP: 1/20 [jackal (2)]
   964 | D:1      | Reached XP level 3. HP: 26/26 MP: 0/4
  1008 | D:1      | Learned a level 3 spell: Vampiric Draining
  1088 | D:1      | Found a faded altar of an unknown god.
  1167 | D:1      | Reached skill level 2 in Unarmed Combat
  1235 | D:1      | You pick up a book of Geomancy and begin reading...
  1235 | D:1      | You add the spells Sandblast, Passwall and Lee's Rapid
                  | Deconstruction to your library.
  2006 | D:2      | Reached XP level 4. HP: 33/33 MP: 5/5
  2651 | D:3      | Noticed Grinder
  2653 | D:3      | Reached skill level 3 in Unarmed Combat
  2672 | D:3      | HP: 8/33 [Grinder (5)]
  2952 | D:3      | Paralysed by Grinder for 3 turns
  2968 | D:3      | HP: 7/33 [Grinder (8)]
  2969 | D:3      | Killed Grinder
  2970 | D:3      | Reached skill level 5 in Unarmed Combat
  2970 | D:3      | Reached skill level 5 in Necromancy
  2970 | D:3      | Reached XP level 5. HP: 8/38 MP: 6/6
  2970 | D:3      | Reached XP level 6. HP: 10/45 MP: 7/7
  3302 | D:3      | Found an opulent altar of Gozag.
  3302 | D:3      | Noticed Jessica
  3307 | D:3      | Found an opulent altar of Gozag.
  3307 | D:3      | Found an opulent altar of Gozag.
  3309 | D:3      | Killed Jessica
  3343 | D:3      | Noticed Sigmund
  3349 | D:3      | Noticed Natasha
  3357 | D:3      | Killed Sigmund
  3358 | D:3      | Reached skill level 6 in Unarmed Combat
  3358 | D:3      | Reached skill level 6 in Necromancy
  3358 | D:3      | Reached XP level 7. HP: 17/50 MP: 3/8
  3359 | D:3      | Killed Natasha
  3783 | D:3      | You pick up a book of Touch and begin reading...
  3783 | D:3      | You add the spells Static Discharge, Sticky Flame and
                  | Dispel Undead to your library.
  3909 | D:3      | Found an opulent altar of Gozag.
  4373 | D:4      | Reached skill level 7 in Unarmed Combat
  4393 | D:4      | Identified the +1 robe of Curiosity {Harm *Slow rElec
                  | Slay-2}
  4397 | D:4      | HP: 11/50 [gnoll (11)]
  5562 | D:4      | Reached XP level 8. HP: 45/57 MP: 9/9
  5671 | D:5      | Entered Level 5 of the Dungeon
  5908 | D:5      | You add the spells Summon Forest, Eringya's Noxious Bog and
                  | Summon Hydra to your library.
  5949 | D:5      | Reached skill level 8 in Unarmed Combat
  6060 | D:5      | Learned a level 4 spell: Animate Dead
  6099 | D:5      | Reached skill level 7 in Necromancy
  6175 | D:5      | Found a staircase to the Ecumenical Temple.
  6215 | Temple   | Entered the Ecumenical Temple
  6231 | Temple   | Became a worshipper of Kikubaaqudgha
  6519 | D:5      | Reached skill level 9 in Unarmed Combat
  6747 | D:6      | HP: 14/57 [something (2)]
  6753 | D:6      | HP: 13/57 [orc priest (1)]
  6759 | D:6      | HP: 7/57 [orc priest (3)]
  6770 | D:6      | HP: 3/57 [orc warrior (12)]
  6773 | D:6      | Demolished by an orc warrior

Vanquished Creatures
  Grinder (D:3)
  Sigmund (D:3)
  A necrophage (D:5)
  A black bear (D:6)
  A sky beast (D:5)
  An ogre (D:5)
  2 scorpions
  A howler monkey (D:5)
  2 hounds (D:5)
  A centaur skeleton (D:5)
  A gnoll shaman (D:4)
  5 orc priests
  Jessica (D:3)
  2 iguanas
  Natasha (D:3)
  5 orc wizards
  4 gnolls (D:4)
  4 adders
  An adder skeleton (D:4)
  3 worms
  4 dart slugs
  17 orcs
  8 ball pythons
  8 endoplasms
  5 giant cockroaches
  6 goblins
  13 hobgoblins
  3 jackals
  2 quokkas
  3 bats
  2 frilled lizards (D:1)
  3 kobolds
  8 rats
121 creatures vanquished.

Table legend:
 A = Non-vault XP
 B = Vault XP
 C = Vault XP percentage of total XP
 D = Non-vault monster count
 E = Vault monster count
 F = Vault count percentage of total count
                 A         B        C        D         E       F
            +---------+---------+-------+---------+---------+-------
      Total |    1641 |     593 |  26.5 |     115 |       6 |   5.0
            +---------+---------+-------+---------+---------+-------
        D:1 |      62 |       0 |   0.0 |      33 |       0 |   0.0
        D:2 |      36 |       2 |   5.3 |      18 |       1 |   5.3
        D:3 |     201 |     591 |  74.6 |      14 |       5 |  26.3
        D:4 |     379 |       0 |   0.0 |      30 |       0 |   0.0
        D:5 |     752 |       0 |   0.0 |      17 |       0 |   0.0
        D:6 |     211 |       0 |   0.0 |       3 |       0 |   0.0
            +---------+---------+-------+---------+---------+-------

Illustrated notes

Table legend:
 A = Kills in this place as a percentage of kills in entire the game.
 B = Kills by you in this place as a percentage of kills by you in the entire game.
 C = Kills by friends in this place as a percentage of kills by friends in the entire game.
 D = Other kills in this place as a percentage of other kills in the entire game.
 E = Experience gained in this place as a percentage of experience gained in the entire game.
 F = Experience gained in this place divided by the number of levels of this place that you have seen.
                   A       B       C       D       E      F
               +-------+-------+-------+-------+-------+----------------------
         Total | 100.0 | 100.0 |   N/A |   N/A | 100.0 | 319.1
       Dungeon | 100.0 | 100.0 |   N/A |   N/A | 100.0 | 372.3
               +-------+-------+-------+-------+-------+----------------------

Table legend: (Time is in decaauts)
 A = Elapsed time spent in this place.
 B = Non-inter-level travel time spent in this place.
 C = Inter-level travel time spent in this place.
 D = Time resting spent in this place.
 E = Time spent auto-exploring this place.
 F = Levels seen in this place.
 G = Mean time per level.
                   A        B        C        D        E       F      G
               +--------+--------+--------+--------+--------+-----+--------+
         Total |   6731 |   6539 |    192 |   1827 |   3542 |   7 |  961.6 |
       Dungeon |   6706 |   6522 |    184 |   1827 |   3542 |   6 | 1117.7 |
        Temple |     24 |     16 |      8 |      0 |      0 |   1 |   24.0 |
               +--------+--------+--------+--------+--------+-----+--------+

Top non-repeatable levels by time:
     D:1: 1651 daAuts
     D:2: 1617 daAuts
     D:3: 1232 daAuts
     D:4: 1145 daAuts
     D:5: 1014 daAuts
     D:6: 46 daAuts
  Temple: 24 daAuts
